 Dungeon Crawl Stone Soup version 0.31-a0-960-g0fca184906 (webtiles) character file.

Game seed: 1222002678186640684

5434 Arzdou the Thaumaturge (level 10, -4/66 HPs)
             Began as a Deep Elf Ice Elementalist on Oct 22, 2023.
             Was an Initiate of Vehumet.
             Killed from afar by Erica (29 damage)
             ... with a bolt of poison
             ... on level 10 of the Dungeon.
             The game lasted 00:38:33 (10390 turns).

Arzdou the Thaumaturge (Deep Elf Ice Elementalist) Turns: 10390, Time: 00:38:34

Health: -4/66      AC:  7    Str:  4 (5)  XL:     10   Next: 41%
Magic:  26/35      EV: 27    Int: 31 (33) God:    Vehumet [......]
Gold:   147        SH:  0    Dex: 12 (15) Spells: 11/30 levels left

rFire   . . .        l - +5 falchion of the Neverending Demons {spect, Int+5 Stlth-}
rCold   . . .        (no shield)
rNeg    . . .        a - +0 robe
rPois   .            H - +0 helmet {Int+3}
rElec   .            (no cloak)
rCorr   .            E - +0 pair of gloves
SInv    .            A - +2 pair of boots
Will    ++...        y - amulet of the acrobat
Stlth   +            j - ring of magical power
HPRegen 0.31/turn    p - ring of wizardry
MPRegen 0.24/turn

%: acrobat, wizardry (x1)
@: lethally poisoned (-4 -> -22), acrobatic, enlightened, flying, slowed, very
slow
A: no striking features
a: Renounce Religion


You were on level 10 of the Dungeon.
You worshipped Vehumet.
Vehumet was noncommittal.
You visited 2 branches of the dungeon, and saw 11 of its levels.
You also visited: Sewer.

You collected 529 gold pieces.
You spent 382 gold pieces at shops.

Inventory:

Hand Weapons
 l - the +5 falchion of the Neverending Demons (weapon) {spect, Int+5 Stlth-}
   (You found it on level 9 of the Dungeon)

   Int+5:     It affects your intelligence (+5).
   Stlth-:    It makes you less stealthy.
 m - a +0 quarterstaff
Missiles
 n - 34 poisoned darts
 u - 10 boomerangs
Armour
 a - a +0 robe (worn)
 A - a +2 pair of boots (worn)
 E - a +0 pair of gloves (worn)
 F - an orb of mayhem
 H - a +0 helmet of intelligence (worn)
Magical Staves
 C - a staff of fire
Jewellery
 j - a ring of magical power (left hand)
 p - a ring of wizardry (right hand)
 t - a ring of wizardry
 y - an amulet of the acrobat (around neck)
Wands
 r - a wand of polymorph (11)
 G - a wand of flame (13)
Scrolls
 f - 5 scrolls of immolation
 k - 2 scrolls of enchant weapon
 o - 2 scrolls of enchant armour
 w - 2 scrolls of silence
 x - a scroll of amnesia {unknown}
 z - 2 scrolls of identify
 B - a scroll of vulnerability {unknown}
 D - a scroll of fog {unknown}
 I - 2 scrolls of poison
Potions
 b - a potion of magic
 c - a potion of curing {unknown}
 d - a potion of might {unknown}
 e - a potion of attraction {unknown}
 g - 2 potions of heal wounds
 h - 4 potions of degeneration
 i - 2 potions of enlightenment
 q - 3 potions of brilliance {unknown}
 s - 2 potions of mutation {unknown}
 v - 3 potions of haste {unknown}


   Skills:
 + Level 9.0 Fighting
 - Level 2.5 Dodging
 - Level 2.6 Stealth
 + Level 10.8 Spellcasting
 - Level 5.0 Conjurations
 - Level 6.0 Ice Magic
 - Level 5.0 Air Magic


You had 11 spell levels left.
You knew the following spells:

 Your Spells              Type           Power      Damage    Failure   Level
a - Freeze                Ice            100%       1d10      1%          1
b - Frozen Ramparts       Ice            100%       1d16      1%          3
c - Ozocubu's Armour      Ice            52%        N/A       1%          3
d - Freezing Cloud        Conj/Ice/Air   24%        6-21      4%          5
e - Summon Ice Beast      Ice/Summ       35%        N/A       3%          4
f - Mephitic Cloud        Conj/Pois/Air  37%        N/A       1%          3

Your spell library contained the following spells:

 Spells                   Type           Power      Damage    Failure   Level
 Poisonous Vapours        Pois/Air       64%        N/A       1%          2
 Hailstorm                Conj/Ice       50%        3d11      1%          3
 Call Canine Familiar     Summ           16%        N/A       3%          3
 Sigil of Binding         Hex            16%        N/A       3%          3
 Dimensional Bullseye     Hex/Tloc       8%         N/A       12%         4
 Leda's Liquefaction      Hex/Erth       8%         N/A       12%         4
 Simulacrum               Ice/Necr       17%        N/A       45%         6


Dungeon Overview and Level Annotations

Branches:
Dungeon (10/15)            Temple (1/1) D:6             Orc (0/2) D:10
  Sewer (visited)
   Lair: D:8-11

Altars:
Ashenzari
Cheibriados
Dithmenos
Elyvilon
Fedhas
Gozag
Hepliaklqana
Kikubaaqudgha
Makhleb
Nemelex Xobeh
Okawaru
Qazlal
Ru
Sif Muna
Trog
Uskayaw
Vehumet
Wu Jian
Xom
Zin
The Shining One

Shops:
D:1 [[(

Annotations:
D:9 1 runed translucent door, bmj180's ghost, novice HuCj
D:10 Erica


Message History

You hear some strange, mumbled words.
A bolt of poison appears from out of thin air!
The bolt of poison misses you.
Aiming: Throw Flame
Press: ? - help, Shift-Dir - straight line Unknown command.
You feel much better.
You hear some strange, mumbled words.
A bolt of poison appears from out of thin air!
The bolt of poison hits you!!
You are poisoned.
Unknown command.
It was a potion of degeneration.
There was something very wrong with that liquid.
You feel weakened.
You feel dopey.
You feel clumsy.
* * * LOW HITPOINT WARNING * * *
You feel very sick.
You feel yourself slow down.
It was a potion of enlightenment.
You feel very buoyant.
You fly up into the air.
* * * LOW HITPOINT WARNING * * *
You feel very sick.
You feel as though you will be slow longer.
Unknown command.
You feel much better.
You feel very sick.
Okay, then.
Casting: Ozocubu's Armour (safe; 1% risk of failure)
Confirm with . or Enter, or press ? or * to list all spells.
A chill wind blows around you.
The frozen ramparts melt away.
You feel sick.
You swap places.
Your icy armour cracks and falls away as you move.
You feel sick.
You hear some strange, mumbled words.
A bolt of poison appears from out of thin air!
The bolt of poison misses your ice beast.
The bolt of poison hits you!!
You are more poisoned.
You die...

##############
........@....#
############{#
#.# #.# #Y#
#@# #.# #.#
#.# ###


You could see a friendly ice beast (summoned).

Vanquished Creatures
  Jeremiah (D:6)
  A troll (D:9)
  Prince Ribbit (D:6)
  A shadow (D:10)
  A wraith (D:9)
  3 yaks (D:10)
  A steam dragon (D:9)
  Edmund (D:5)
  A water moccasin (D:6)
  An orc warrior (D:10)
  2 black bears
  A sky beast (D:6)
  3 ogres
  A centaur (D:9)
  4 kobold brigands
  A bullfrog (D:4)
  2 gnoll sergeants
  A scorpion (D:5)
  6 wights
  20 killer bees
  3 howler monkeys
  A vampire bat (D:7)
  A crimson imp (D:7)
  A hound (D:6)
  4 cerulean imps
  5 jellies
  3 orc priests
  A sleepcap (D:6)
  3 iguanas
  4 orc wizards
  Ijyb (D:3)
  8 gnolls
  8 adders
  2 shadow imps (D:8)
  A worm (D:4)
  2 dart slugs
  25 orcs
  5 ball pythons
  12 bats
  2 bat skeletons (D:7)
  9 endoplasms
  8 giant cockroaches
  7 goblins
  7 hobgoblins
  4 jackals (D:3)
  3 quokkas
  3 frilled lizards
  22 kobolds
  6 rats
214 creatures vanquished.

Vanquished Creatures (collateral kills)
  2 wights
  A killer bee (D:9)
  A bat skeleton (D:7)
  3 bat zombies (D:7)
7 creatures vanquished.

Grand Total: 221 creatures vanquished

Notes
Turn   | Place    | Note
-------+----------+-------------------------------------------
     0 | D:1      | Arzdou the Deep Elf Ice Elementalist began the quest for
                  | the Orb.
     0 | D:1      | Reached XP level 1. HP: 10/10 MP: 6/6
    31 | D:1      | Found Fixzekli's Antique Armour Shoppe.
    94 | D:1      | Found Xyip's Weapon Boutique.
   188 | D:1      | Reached XP level 2. HP: 9/15 MP: 2/8
   715 | D:1      | Found Xeavoarec's Antique Armour Shop.
  1090 | D:2      | Reached XP level 3. HP: 13/19 MP: 10/10
  1158 | D:2      | Reached skill level 4 in Spellcasting
  1158 | D:2      | Found a faded altar of an unknown god.
  1168 | D:2      | Learned a level 3 spell: Frozen Ramparts
  1172 | D:2      | Learned a level 3 spell: Ozocubu's Armour
  1407 | D:2      | Reached skill level 5 in Ice Magic
  1606 | D:3      | Reached XP level 4. HP: 19/24 MP: 12/12
  1878 | D:3      | Noticed Ijyb
  1899 | D:3      | Killed Ijyb
  1900 | D:3      | Reached skill level 5 in Spellcasting
  1935 | D:3      | Reached XP level 5. HP: 28/28 MP: 14/14
  1998 | D:3      | Learned a level 5 spell: Freezing Cloud
  2468 | D:4      | Found a glowing drain.
  2472 | Sewer    | Entered a sewer
  2498 | Sewer    | Reached skill level 1 in Fighting
  2765 | Sewer    | Reached XP level 6. HP: 34/35 MP: 15/15
  3634 | D:4      | Found a stormy altar of Qazlal.
  3764 | D:1      | Bought a pair of embroidered boots for 217 gold pieces
  3910 | D:4      | Found a white marble altar of Elyvilon.
  3940 | D:5      | Entered Level 5 of the Dungeon
  3992 | D:5      | Reached XP level 7. HP: 41/41 MP: 16/16
  3999 | D:5      | Noticed Edmund
  4006 | D:5      | Found a broken altar of Ashenzari.
  4315 | D:5      | Reached skill level 5 in Conjurations
  4565 | D:5      | Killed Edmund
  4566 | D:5      | Reached skill level 5 in Fighting
  4566 | D:5      | Reached XP level 8. HP: 49/49 MP: 9/17
  5114 | D:6      | Reached skill level 1 in Air Magic
  5401 | D:6      | Found an opulent altar of Gozag.
  5700 | D:6      | Noticed Jeremiah
  5711 | D:6      | Killed Jeremiah
  6282 | D:6      | Noticed Prince Ribbit
  6340 | D:6      | Killed Prince Ribbit
  6341 | D:6      | Reached skill level 5 in Air Magic
  6341 | D:6      | Reached XP level 9. HP: 56/56 MP: 17/19
  6346 | D:6      | Learned a level 4 spell: Summon Ice Beast
  6410 | D:6      | Found a staircase to the Ecumenical Temple.
  6709 | Temple   | Entered the Ecumenical Temple
  6985 | D:7      | Reached skill level 6 in Spellcasting
  7007 | D:7      | Learned a level 3 spell: Mephitic Cloud
  7414 | D:7      | Found an ancient bone altar of Kikubaaqudgha.
  7584 | D:7      | Reached skill level 7 in Spellcasting
  8017 | D:1      | Bought a glowing helmet for 165 gold pieces
  8341 | D:8      | Reached skill level 8 in Spellcasting
  8605 | D:9      | Found a runed translucent door.
  8613 | D:9      | Noticed bmj180's ghost (novice HuCj)
  8815 | D:9      | Found a shimmering altar of Xom.
  8820 | D:9      | Identified the +5 falchion of the Neverending Demons
                  | {spect, Int+5 Stlth-}
  8861 | D:9      | Reached skill level 9 in Spellcasting
  8915 | D:9      | Reached XP level 10. HP: 58/64 MP: 19/25
  9136 | D:9      | Found a flagged portal.
  9175 | D:9      | Found a radiant altar of Vehumet.
  9191 | D:9      | Became a worshipper of Vehumet
  9367 | D:9      | Reached skill level 10 in Spellcasting
  9578 | D:9      | Found a burning altar of Makhleb.
  9895 | D:10     | Entered Level 10 of the Dungeon
 10172 | D:10     | Found a staircase to the Orcish Mines.
 10208 | D:10     | Noticed Erica
 10390 | D:10     | Killed from afar by Erica

Illustrated notes

Levels and vault maps discovered:
D:1:      dpeg_arrival_water_temple_mockup, layout_rooms, serial_shops,
          nicolae_shop_trees, shop, shop
D:2:      layout_basic, shapermc_ecumenical_altar_starsandcircs
D:3:      layout_rooms, nicolae_concentric_dashed_squares_wild, uniq_ijyb
D:4:      layout_basic, mainiacjoe_overflow_swirl, gup_sewer_entry_spiral,
          kennysheep_generic_room_4
D:5:      layout_basic, mainiacjoe_overflow_concentric_impassable, uniq_edmund
D:6:      layout_basic, nicolae_gozag_seed_capital,
          minmay_temple_entry_glassed_door, chequers_jeans, uniq_prince_ribbit1,
          uniq_jeremiah
D:7:      layout_rooms, kennysheep_vampire_church
D:8:      layout_basic, mainiacjoe_overflow_small_starburst
D:9:      layout_basic, fiery_altar_vehumet, lemuel_doored_altar,
          mainiacjoe_overflow_alcove_1, hellmonk_ghost_big_iron, enter_bailey_6
D:10:     layout_basic, lair_entry_dummy, orc_0_dummy, nzn_ghost_randoct,
          uniq_erica
Temple:   dshaligram_water_room_temple

Skill      XL: |  1  2  3  4  5  6  7  8  9 10 |
---------------+-------------------------------+-----
Spellcasting   | 4 5 9 10 | 10.8
Ice Magic      | 5 6 |  6.0
Fighting       | 2 3 5 6 8 9 |  9.0
Conjurations   | 2 4 5 |  5.0
Air Magic      | 5 |  5.0
Dodging        | |  2.5
Stealth        | |  2.6

Action                     |  1- 3 |  4- 6 |  7- 9 | 10-12 || total
---------------------------+-------+-------+-------+-------++-------
  Melee: Unarmed           |     2 |     6 |       |       ||     8
         Quarterstaff      |     1 |    19 |     4 |       ||    24
         Staff             |       |       |    42 |       ||    42
         Falchion          |       |       |     5 |    18 ||    23
  Throw: Boomerang         |       |       |     6 |       ||     6
   Cast: Freeze            |    50 |    51 |    91 |     7 ||   199
         Frozen Ramparts   |     1 |    17 |    38 |     6 ||    62
         Ozocubu's Armour  |       |     5 |    12 |     6 ||    23
         Freezing Cloud    |       |       |    24 |    11 ||    35
         Summon Ice Beast  |       |       |    11 |     7 ||    18
  Evoke: Wand              |       |       |     8 |     3 ||    11
    Use: Scroll            |       |     9 |     4 |     1 ||    14
         Potion            |       |       |     3 |     5 ||     8
   Stab: Confused          |       |     1 |       |       ||     1
         Sleeping          |       |     1 |       |       ||     1
 Armour: Robe              |    15 |    38 |   117 |    33 ||   203
  Dodge: Dodged            |    36 |    36 |   187 |    23 ||   282

Table legend: (Time is in decaauts)
 A = Elapsed time spent in this place.
 B = Non-inter-level travel time spent in this place.
 C = Inter-level travel time spent in this place.
 D = Time resting spent in this place.
 E = Time spent auto-exploring this place.
 F = Levels seen in this place.
 G = Mean time per level.
                   A        B        C        D        E       F      G
               +--------+--------+--------+--------+--------+-----+--------+
         Total |  10485 |   9354 |   1131 |      0 |   7681 |  12 |  873.8 |
       Dungeon |  10075 |   8963 |   1112 |      0 |   7385 |  10 | 1007.5 |
        Temple |     24 |      5 |     19 |      0 |      0 |   1 |   24.0 |
         Sewer |    385 |    385 |      0 |      0 |    295 |   1 |  385.0 |
               +--------+--------+--------+--------+--------+-----+--------+

Top non-repeatable levels by time:
     D:6: 1764 daAuts
     D:9: 1432 daAuts
     D:4: 1293 daAuts
     D:5: 1240 daAuts
     D:7: 1008 daAuts
     D:1: 940 daAuts
     D:2: 849 daAuts
     D:3: 743 daAuts
     D:8: 427 daAuts
   Sewer: 385 daAuts
    D:10: 376 daAuts
  Temple: 24 daAuts
